 Dungeon Crawl Stone Soup version 0.25-a0-890-g62861fb (webtiles) character file.

Game seed: 3686983749190804888, levelgen mode: deterministic

234 BlueFish the Insei (level 6, -5/39 HPs)
             Began as an Octopode Transmuter on May 6, 2020.
             Was an Initiate of Cheibriados.
             Slain by a killer bee (9 damage)
             ... on level 7 of the Dungeon.
             The game lasted 00:11:08 (3817 turns).

BlueFish the Insei (Octopode Transmuter)            Turns: 3817, Time: 00:11:08

Health: -5/39      AC:  1    Str: 12    XL:     6   Next: 5%
Magic:  2/9        EV: 15    Int: 17    God:    Cheibriados [......]
Gold:   180        SH:  0    Dex: 16    Spells: 3/9 levels left

rFire    . . .     SeeInvis .     - Unarmed
rCold    . . .     Gourm    .   (no shield)
rNeg     . . .     Faith    .   (helmet restricted)
rPois    .         Spirit   .   (no amulet)
rElec    .         Reflect  .   j - ring of flight
rCorr    .         Harm     .   r - +1 ring of evasion
MR       .....                  s - +3 ring of dexterity
Stlth    +++.......             (no ring)
HPRegen  0.13/turn              (no ring)
MPRegen  0.11/turn              (no ring)
                                (no ring)
                                (no ring)

@: lethally poisoned (-5 -> -11), very slow
A: almost no armour, stealthy swim, amphibious, 8 rings, constrict 8, camouflage
1, gelatinous body 1
a: Bend Time, Renounce Religion, Evoke Flight


You were on level 7 of the Dungeon.
You worshipped Cheibriados.
Cheibriados was noncommittal.
You were near starving.

You visited 2 branches of the dungeon, and saw 6 of its levels.

You collected 180 gold pieces.

Inventory:

Missiles
 a - 45 arrows
 q - 46 stones (quivered)
Jewellery
 j - a ring of flight (left tentacle)
 r - a +1 ring of evasion (right tentacle)
 s - a +3 ring of dexterity (on tentacle)
Scrolls
 d - a scroll of noise
 e - 2 scrolls of immolation
 k - a scroll of fear {unknown}
 l - a scroll of blinking
 m - 3 scrolls of remove curse {unknown}
 o - a scroll of fog {unknown}
Potions
 b - 3 potions of heal wounds
 g - 3 potions of haste
 n - a potion of curing
 p - 2 potions of invisibility
Comestibles
 c - 5 rations


   Skills:
 * Level 2.0 Fighting
 * Level 2.8 Dodging
 * Level 3.2 Stealth
 * Level 4.2 Unarmed Combat
 + Level 2.3 Spellcasting
 * Level 2.8 Transmutations
 * Level 1.7 Poison Magic
 * Level 0.4 Invocations


You had 3 spell levels left.
You knew the following spells:

 Your Spells              Type           Power        Failure   Level  Hunger
a - Beastly Appendage     Tmut           ##....       6%          1    #......
b - Sticks to Snakes      Tmut           ##......     9%          2    ##.....
c - Spider Form           Tmut/Pois      #.........   22%         3    ###....

Your spell library contained the following spells:

 Spells                   Type           Power        Failure   Level  Hunger
 Ice Form                 Ice/Tmut       #.......     71%         4    #####..
 Blade Hands              Tmut           ##........   85%         5    ######.


Dungeon Overview and Level Annotations

Branches:
Dungeon (4/15)             Temple (1/1) D:4

Altars:
Cheibriados
Elyvilon
Fedhas
Gozag
Hepliaklqana
Kikubaaqudgha
Makhleb
Nemelex Xobeh
Okawaru
Qazlal
Ru
Sif Muna
Uskayaw
Vehumet
Wu Jian
Xom
Yredelemnul
Zin
The Shining One


Innate Abilities, Weirdness & Mutations

You cannot wear most types of armour.
You are very stealthy in the water. (Stealth+)
You are amphibious.
You can wear up to eight rings at the same time.
You can use your tentacles to constrict eight enemies at once.
Your skin changes colour to match your surroundings (Stealth+).
Your rubbery body absorbs attacks. (AC +1, EV +1)


Message History

You feel aware of your surroundings.
It was a scroll of magic mapping.
The killer bee stings you.
You are poisoned.
The killer bee poisons you! The killer bee closely misses you.
Okay, then.
Okay, then.
As you read the scroll labeled YBLYKHLAIMM, it crumbles to dust.
It is a scroll of enchant armour.
You aren't carrying any armour which can be enchanted further.
You feel sick. The killer bee barely misses you.
The killer bee closely misses you.
Blink to where?
Press: ? - help, Dir - move target cursor, f - you Are you sure you want to cancel this blink?
Okay, then.
As you read the scroll labeled LYOCOI UDORPHU, it crumbles to dust.
It was a scroll of blinking.
You feel sick. The killer bee stings you!
* * * LOW HITPOINT WARNING * * *
The killer bee stings you!
You die...

*,,,,,* *y#*,**
*.#*,* *y#*,**
*y#*,,**
*.#*,*,**
*.#,***,*
#######.#*,*,**
#yy@....#**,**
#y####### *,*
#.# *,* #y# *,*
#y# *,* #.# *,*
#^##### *,*
#.....# *,*
#####.# *,*


You could see 3 killer bees.

Vanquished Creatures
  A scorpion (D:4)
  An orc priest (D:3)
  A hound skeleton (D:4)
  4 adders
  2 oozes (D:2)
  3 worms
  3 dart slugs
  2 leopard geckos
  4 orcs
  2 ball pythons
  4 giant cockroaches (D:3)
  13 goblins
  4 hobgoblins
  7 jackals
  11 kobolds
  4 bats
  5 frilled lizards
  7 rats
78 creatures vanquished.

Notes
Turn   | Place    | Note
-------+----------+-------------------------------------------
     0 | D:1      | BlueFish the Octopode Transmuter began the quest for the
                  | Orb.
     0 | D:1      | Reached XP level 1. HP: 13/13 MP: 3/3
   187 | D:1      | Reached XP level 2. HP: 14/18 MP: 3/5
   202 | D:1      | Learned a level 2 spell: Sticks to Snakes
   347 | D:1      | Reached skill level 1 in Stealth
   815 | D:2      | Reached XP level 3. HP: 19/23 MP: 4/6
   820 | D:2      | Learned a level 3 spell: Spider Form
  1435 | D:2      | Reached XP level 4. HP: 28/28 MP: 7/7
  1489 | D:2      | Found a shimmering blue altar of Sif Muna.
  1788 | D:2      | Found a hide-covered altar of Uskayaw.
  2002 | D:3      | Reached skill level 1 in Poison Magic
  2270 | D:3      | Found a radiant altar of Vehumet.
  2484 | D:3      | Found a stormy altar of Qazlal.
  2506 | D:3      | Found a glowing golden altar of the Shining One.
  2723 | D:3      | Reached XP level 5. HP: 11/34 MP: 8/8
  3057 | D:3      | Reached skill level 4 in Unarmed Combat
  3441 | D:4      | Found a staircase to the Ecumenical Temple.
  3450 | Temple   | Entered the Ecumenical Temple
  3491 | Temple   | Became a worshipper of Cheibriados the Contemplative
  3718 | D:4      | Reached XP level 6. HP: 39/39 MP: 7/9
  3740 | D:4      | Found a hazy altar of Hepliaklqana.
  3790 | D:4      | You fall into a shaft and drop 3 floors!
  3817 | D:7      | Slain by a killer bee

Levels and vault maps discovered:
D:1:      minmay_arrival_jagged, layout_basic, hex_medium,
          chequers_serial_rivers_small_b
D:2:      layout_basic, nicolae_overflow_crystal_walls,
          nicolae_overflow_hidden_temple
D:3:      layout_loops_ring, tso_altar,
          chequers_temple_overflow_statue_of_worship, kennysheep_potato
D:4:      layout_basic, lemuel_doored_altar, minmay_temple_entry_ruins,
          biasface_ghost_orc_armoury, first_ration
D:7:      layout_loops_ring
Temple:   nicolae_temple_god_jail

Skill      XL: |  1  2  3  4  5 |
---------------+----------------+-----
Stealth        | 1 2 3 |  3.2
Poison Magic   | 1 |  1.7
Unarmed Combat | 4 |  4.2
Fighting       | 2 |  2.0
Dodging        | |  2.8
Spellcasting   | |  2.3
Transmutations | |  2.8
Invocations    | |  0.4

Action                   |  1- 3 |  4- 6 || total
-------------------------+-------+-------++-------
Melee: Unarmed           |    82 |    97 ||   179
       Constrict         |    19 |    29 ||    48
       Kick              |    17 |    23 ||    40
       Tentacles         |     8 |    16 ||    24
       Punch             |       |     4 ||     4
 Cast: Beastly Appendage |    20 |    25 ||    45
       Sticks to Snakes  |       |     8 ||     8
  Use: Scroll            |       |    10 ||    10
       Potion            |       |     1 ||     1
 Stab: Sleeping          |     7 |    11 ||    18
       Distracted        |       |     1 ||     1
  Eat: Chunk             |     2 |     7 ||     9
Armor: Skin              |     2 |     7 ||     9
Dodge: Dodged            |    46 |    84 ||   130

Table legend:
 A = Non-vault XP
 B = Vault XP
 C = Vault XP percentage of total XP
 D = Non-vault monster count
 E = Vault monster count
 F = Vault count percentage of total count
                 A         B        C        D         E       F
            +---------+---------+-------+---------+---------+-------
      Total |     331 |       4 |   1.2 |      76 |       2 |   2.6
            +---------+---------+-------+---------+---------+-------
        D:1 |      30 |       0 |   0.0 |      20 |       0 |   0.0
        D:2 |      83 |       0 |   0.0 |      24 |       0 |   0.0
        D:3 |     121 |       4 |   3.2 |      28 |       2 |   6.7
        D:4 |      97 |       0 |   0.0 |       4 |       0 |   0.0
            +---------+---------+-------+---------+---------+-------
